 Dungeon Crawl Stone Soup version 0.27.0-1-g7a089689b8 (webtiles) character file.

Game seed: 14334102441100830324

55 ZombieSheep the Skirmisher (level 3, 0/43 HPs)
             Began as a Demonspawn Monk on Aug 1, 2021.
             Slain by an iguana (9 damage)
             ... on level 2 of the Dungeon.
             The game lasted 00:02:50 (1534 turns).

ZombieSheep the Skirmisher (Demonspawn Monk)        Turns: 1534, Time: 00:02:50

Health: 0/43       AC: 21    Str: 12    XL:     3   Next: 67%
Magic:  3/3        EV:  2    Int: 11    God:
Gold:   51         SH:  0    Dex: 15    Spells: 2/2 levels left

rFire    . . .     SeeInvis .   c - +1 dagger (elec)
rCold    . . .     Faith    .   (no shield)
rNeg     + + +     Spirit   .   (armour currently unavailable)
rPois    +         Reflect  .   (helmet currently unavailable)
rElec    .         Harm     .   (cloak currently unavailable)
rCorr    .         Rampage  .   (gloves currently unavailable)
Will     .....     NoTele   +   (boots currently unavailable)
Stlth    ++........             (no amulet)
HPRegen  0.14/turn              (no ring)
MPRegen  0.08/turn              (no ring)

@: tree-form
A: stationary, stasis, torment immunity, boosted hp, powered by death 1
a: no special abilities


You were on level 2 of the Dungeon.
You were a tree.
You visited 1 branch of the dungeon, and saw 2 of its levels.

You collected 51 gold pieces.

Inventory:

Hand Weapons
 a - a +0 spear
 c - a +1 dagger of electrocution (weapon)
Armour
 b - a +0 robe (melded)
 g - a +0 plate armour
Jewellery
 d - a +4 ring of protection
 k - a ring of ice
Scrolls
 h - a scroll of enchant armour {unknown}
Potions
 e - a potion of mutation
 f - a potion of flight {unknown}
 i - a potion of might {unknown}
 j - a potion of attraction {unknown}
 m - a potion of lignification


   Skills:
 + Level 3.4 Fighting
 + Level 1.3 Short Blades
 - Level 2.6 Polearms
 + Level 1.3 Armour
 + Level 3.1 Dodging
 - Level 1.7 Stealth


You had 2 spell levels left.
You didn't know any spells.
Your spell library was empty.

Dungeon Overview and Level Annotations

Branches:
Dungeon (2/15)

Altars:
Ru


Innate Abilities, Weirdness & Mutations

You are a tree.
Your roots penetrate the ground, keeping you stationary.
You cannot be teleported.
You are immune to unholy pain and torment.
Your maximum health is greatly increased.
Your equipment is partially melded.
You regenerate a little health from kills.


Message History

The adder is heavily wounded.
The adder barely misses you.
You closely miss the adder.
The adder is heavily wounded.
The adder bites you but does no damage.
You closely miss the adder.
The adder is heavily wounded.
The adder closely misses you. The adder barely misses you.
You hit the adder.
The adder is almost dead.
The adder misses you.
You hit the adder but do no damage. Lightning courses through the adder!!
You kill the adder!
You hit the iguana.
The iguana is moderately wounded.
The iguana bites you.
You barely miss the iguana.
The iguana is moderately wounded.
The iguana bites you.
You completely miss the iguana.
The iguana is moderately wounded.
The iguana closely misses you.
You hit the iguana but do no damage.
The iguana is moderately wounded.
The iguana bites you!
You are too injured to fight recklessly!
You are too injured to fight recklessly!
You are too injured to fight recklessly!
It was a potion of lignification.
You turn into a tree.
Your +0 robe melds into your body.
Your roots penetrate the ground.
The iguana bites you!
* * * LOW HITPOINT WARNING * * *
You completely miss the iguana.
The iguana is moderately wounded.
A frilled lizard comes into view.
The iguana bites you but does no damage.
You closely miss the iguana.
The iguana is moderately wounded.
The iguana bites you!
You die...

..# #..# #.# #..#
#.# #..# ###### #.#
#..# #....# . #.#
#..######....# ###..
#.#
#......##....#......
#.#
#.#..........#.l....
#.#
#>...........l......
#.# ###.........♣#
#.####...........#
#......#...##....#
######.#...##....#
#.)..#...#######
#[####...# #.# #...#
. #.# #...# . #.#
#...#


You could see an iguana and a frilled lizard (wandering).

Vanquished Creatures
  An adder (D:2)
  A dart slug (D:1)
  A ball python (D:1)
  11 endoplasms (D:1)
  2 giant cockroaches (D:1)
  4 goblins
  4 hobgoblins
  3 jackals (D:1)
  3 bats
  3 frilled lizards
  4 kobolds
  3 rats (D:1)
40 creatures vanquished.

Notes
Turn   | Place    | Note
-------+----------+-------------------------------------------
     0 | D:1      | ZombieSheep the Demonspawn Monk began the quest for the
                  | Orb.
     0 | D:1      | Reached XP level 1. HP: 18/18 MP: 1/1
   404 | D:1      | Gained mutation: You regenerate a little health from kills.
                  | [demonic ancestry]
   404 | D:1      | Reached XP level 2. HP: 14/24 MP: 2/2
   598 | D:1      | Found a faded altar of an unknown god.
  1128 | D:1      | Reached skill level 1 in Short Blades
  1132 | D:1      | Reached skill level 1 in Armour
  1140 | D:1      | Reached XP level 3. HP: 29/29 MP: 3/3
  1465 | D:2      | Found a sacrificial altar of Ru.
  1534 | D:2      | Slain by an iguana

Illustrated notes

Levels and vault maps discovered:
D:1:      elethiomel_arrival_maze, layout_loops_corners,
          hellmonk_ecumenical_altar_lost_god
D:2:      layout_basic, basic_altar, minmay_3d_cube

Skill      XL: |  1  2 |
---------------+-------+-----
Short Blades   | 1 |  1.3
Dodging        | 3 |  3.1
Armour         | 1 |  1.3
Fighting       | |  3.4
Polearms       | |  2.6
Stealth        | |  1.7

Action                   || total
-------------------------++-------
Melee: Dagger            ||   110
  Use: Scroll            ||     2
       Potion            ||     1
 Stab: Sleeping          ||     7
Armor: Robe              ||    14
       Skin              ||     1
Dodge: Dodged            ||    49
